Map: Pillars of Gold LE

Players

Probe

  • Race: Protoss Protoss
  • Spawn Location: 1:00

Seither - Winner!

  • Race: Terran Terran
  • Spawn Location: 7:00

Event: DreamHack SC2 Masters 2020 Summer Oceania RoA

VOD

Have the link to the VOD?

Description

Time

  • Played on: June 27, 2020, 5:04 a.m.
  • Length: 9:31

All games in this series

Show
View Real Time Build Order
Export as new Build Order

Probe Protoss 

Build Orders: 1 Gate Expand, Phoenix Opening 

Get SALT Encoding   

  12  0:00  Probe  
  13  0:12  Probe  
  14  0:18  Pylon  
  14  0:24  Probe  
  15  0:32  Probe  
  15  0:37  Gateway  
  15  0:40  Probe  
  16  0:47  Assimilator  
  17  0:51  Probe  
  18  1:03  Probe  
  19  1:15  Probe  
  20  1:25  Cybernetics Core  
  20  1:34  Nexus  
  20  1:38  Probe  
  21  1:44  Pylon  
  21  1:50  Probe  
  21  1:53  Adept  
  21  1:54  Assimilator  
  22  2:02  Probe  
  25  2:11  Shield Battery  
  25  2:13  Adept  
  25  2:14  Probe  
  28  2:32  Stargate  
  28  2:35  Probe  
  29  2:45  Adept  
  29  2:48  Probe  
  29  2:49  Probe  
  33  2:57  Probe  
  33  3:00  Probe  
  33  3:02  Warp Gate  
  33  3:05  Probe  
  35  3:12  Probe  
  37  3:15  Probe  
  37  3:18  Phoenix  
  40  3:21  Probe  
  40  3:24  Pylon  
  41  3:28  Probe  
  41  3:30  Probe  
  43  3:38  Probe  
  43  3:40  Probe  
  44  3:43  Phoenix  
  44  3:45  Robotics Facility  
  47  3:50  Probe  
  47  3:52  Probe  
  47  3:54  Pylon  
  49  4:00  Gateway  
  49  4:02  Gateway  
  49  4:04  Phoenix  
  49  4:05  Probe  
  49  4:07  Probe  
  53  4:17  Assimilator  
  53  4:18  Assimilator, Probe  
  54  4:24  Pylon, Probe  
  54  4:26  Phoenix  
  57  4:33  Probe  
  57  4:34  Observer  
  56  4:41  Probe  
  58  4:46  Probe  
  58  4:50  Stalker  
  58  4:52  Observer  
  61  4:57  Nexus  
  61  4:58  Pylon  
  62  5:05  Probe x2  
  64  5:07  Robotics Bay  
  64  5:17  Probe x2  
  66  5:26  Observer  
  67  5:29  Probe x2  
  67  5:33  Twilight Council  
  67  5:34  Gateway  
  67  5:35  Sentry  
  71  5:37  Forge  
  71  5:38  Probe  
  71  5:39  Probe  
  73  5:46  Probe  
  73  5:47  Probe  
  73  5:51  Shield Battery  
  73  5:55  Observer, Probe x2  
  75  5:58  Pylon  
  75  6:01  Pylon  
  78  6:07  Charge  
  78  6:08  Probe x2  
  78  6:09  Colossus  
  78  6:10  Probe  
  81  6:11  Gateway, Protoss Ground Weapons Level 1  
  81  6:16  Gateway  
  87  6:24  Probe  
  88  6:26  Pylon  
  88  6:38  Zealot x4  
  96  6:44  Probe x2  
  96  6:45  Probe  
  99  6:50  Pylon  
  98  6:56  Probe  
  98  7:00  Colossus  
  99  7:02  Sentry, Zealot x3  
  113  7:08  Gateway  
  113  7:10  Gateway, Assimilator  
  113  7:11  Assimilator  
  113  7:12  Pylon  
  113  7:17  Templar Archives  
  113  7:19  Pylon  
  113  7:27  Sentry, Stalker x3  
  113  7:29  Zealot  
  123  7:32  Probe  
  122  7:37  Pylon  
  122  7:38  Pylon x2  
  122  7:40  Extended Thermal Lance  
  120  7:44  Zealot  
  120  7:47  Pylon  
  120  7:49  Colossus  
  120  7:50  Photon Cannon  
  120  8:01  Probe x2  
  120  8:02  Zealot  
  120  8:03  Zealot  
  120  8:04  Zealot  
  120  8:05  Psionic Storm  
  134  8:20  High Templar  
  134  8:29  Photon Cannon  
  134  8:31  Nexus  
  134  8:33  Photon Cannon, High Templar  
  136  8:40  Forge  
  134  8:45  Zealot x3  
  140  8:51  Zealot  
  140  8:54  Zealot  
  140  8:55  Pylon, Zealot  
  102  9:05  Zealot x4  
Show
View Real Time Build Order
Export as new Build Order

Seither Terran - Winner!

Build Orders: Reaper Expand 

Get SALT Encoding   

  12  0:01  SCV  
  13  0:13  SCV  
  14  0:18  Supply Depot  
  14  0:25  SCV  
  15  0:39  SCV  
  15  0:41  Barracks  
  16  0:45  Refinery  
  16  0:51  SCV  
  17  1:03  SCV  
  18  1:15  SCV  
  19  1:29  Orbital Command, Reaper  
  20  1:45  Command Center  
  20  1:56  Supply Depot  
  20  1:58  SCV  
  21  2:02  Marine  
  22  2:10  SCV  
  22  2:15  Factory  
  23  2:23  Bunker  
  23  2:25  Barracks Reactor  
  23  2:27  SCV  
  24  2:35  Refinery  
  24  2:39  SCV  
  25  2:51  SCV  
  25  2:58  Orbital Command  
  25  3:00  Factory Tech Lab  
  25  3:03  SCV  
  25  3:04  Marine x2  
  28  3:08  Starport  
  28  3:15  SCV  
  29  3:21  Marine  
  29  3:22  Marine  
  29  3:25  SCV  
  32  3:27  Cyclone  
  32  3:30  SCV  
  36  3:36  Supply Depot  
  36  3:38  SCV  
  37  3:42  SCV  
  37  3:43  Marine x2  
  40  3:49  Medivac  
  40  3:50  SCV  
  40  3:54  SCV  
  44  3:58  Supply Depot  
  44  4:02  Marine  
  44  4:03  Marine  
  44  4:04  SCV  
  44  4:06  SCV  
  44  4:08  Siege Tank  
  51  4:11  Supply Depot  
  51  4:16  SCV  
  52  4:18  SCV  
  53  4:26  Marine x2  
  53  4:29  SCV  
  53  4:30  SCV  
  57  4:37  Command Center  
  57  4:41  Siege Tank  
  57  4:42  SCV  
  57  4:43  SCV  
  62  4:54  SCV  
  62  4:55  Marine x2  
  62  4:56  Barracks  
  62  4:57  Barracks  
  65  5:01  SCV  
  65  5:02  Starport Tech Lab, Supply Depot  
  65  5:06  SCV  
  67  5:08  Engineering Bay  
  67  5:10  Refinery  
  67  5:13  Marine x2  
  69  5:23  Siege Tank  
  69  5:24  SCV x2  
  69  5:27  Supply Depot  
  71  5:30  Refinery  
  71  5:37  Terran Infantry Weapons Level 1  
  71  5:38  SCV x2  
  71  5:42  Marine x2  
  75  5:49  Starport Reactor  
  75  5:50  Barracks  
  75  5:51  Orbital Command, Barracks  
  75  5:52  Stimpack  
  75  5:55  Missile Turret  
  75  5:59  SCV x2  
  75  6:00  Marine x2  
  75  6:02  Marine  
  80  6:06  Missile Turret  
  80  6:09  Marine  
  81  6:11  SCV  
  81  6:12  SCV  
  81  6:16  Combat Shield  
  81  6:17  Factory Reactor  
  83  6:22  Marine  
  83  6:23  Marauder, Marine, Orbital Command  
  87  6:26  SCV x2  
  87  6:30  Medivac x2  
  90  6:43  Marauder, Marine, Barracks Tech Lab  
  90  6:44  Marauder, Marine, SCV  
  90  6:45  SCV  
  98  6:49  SCV  
  99  6:57  SCV x2  
  99  6:58  Ghost Academy  
  99  6:59  Refinery  
  99  7:00  Refinery  
  100  7:01  Supply Depot, SCV  
  100  7:03  Supply Depot  
  101  7:17  Marine, SCV x2  
  101  7:18  Marauder x2, SCV  
  101  7:22  Marine x2  
  109  7:23  Marauder, Medivac x2  
  109  7:26  Supply Depot  
  109  7:28  Supply Depot  
  119  7:30  Supply Depot, SCV x2  
  119  7:31  Concussive Shells  
  119  7:38  Marine x2  
  119  7:42  Ghost x2  
  125  7:48  SCV x3, Ghost  
  130  7:54  Supply Depot  
  130  8:00  Viking x2  
  130  8:01  Marine x3  
  130  8:02  Marine  
  138  8:07  Enhanced Shockwaves  
  138  8:10  SCV  
  138  8:11  SCV x2  
  140  8:15  Supply Depot  
  140  8:19  Supply Depot  
  139  8:23  Marine  
  139  8:24  Marine x3  
  139  8:25  Marauder x3  
  149  8:30  SCV x3  
  149  8:31  Supply Depot  
  149  8:32  Viking  
  154  8:37  Viking  
  154  8:40  Supply Depot  
  156  8:42  Supply Depot  
  156  8:50  Marine  
  156  8:51  Marauder x3  
  163  9:02  Marine  
  158  9:05  Marine x2  
  158  9:09  Command Center  
Tags
 
Add a new tag
Caveats
  • Supply blocks, unpowered buildings, or Contaminate may cause inaccurate times.
  • Supply counts are checked every 10 seconds.